 Dungeon Crawl Stone Soup version 0.30.1-11-g7821555f0a (webtiles) character file.

Game seed: 1433537861007424962

189 Wiggles the Chopper (level 5, 0/47 HPs)
             Began as a Minotaur Berserker on Dec 8, 2023.
             Was a Priest of Trog.
             Killed from afar by an orc wizard (7 damage)
             ... with a puff of flame
             ... on level 5 of the Dungeon.
             The game lasted 00:04:24 (3140 turns).

Wiggles the Chopper (Minotaur Berserker)            Turns: 3140, Time: 00:04:24

Health: 0/47       AC:  5    Str: 23    XL:     5   Next: 40%
Magic:  4/4        EV: 11    Int:  4    God:    Trog [***...]
Gold:   264        SH:  0    Dex: 10    Spells: 4/4 levels left

rFire   . . .        a - +0 hand axe
rCold   . . .        (no shield)
rNeg    . . .        g - +0 ring mail
rPois   .            (helmet restricted)
rElec   .            (no cloak)
rCorr   .            (no gloves)
SInv    +            (no boots)
Will    .....        (no amulet) Stlth
                     f - ring of see invisible
HPRegen 0.27/turn    (no ring)
MPRegen 0.09/turn

%: no passive effects
@: confused
A: horns 2, retaliatory headbutt
a: Renounce Religion, Berserk, Trog's Hand


You were on level 5 of the Dungeon.
You worshipped Trog.
Trog was most pleased with you.
You visited 1 branch of the dungeon, and saw 5 of its levels.

You collected 264 gold pieces.

Inventory:

Hand Weapons
 a - a +0 hand axe (weapon)
Armour
 g - a +0 ring mail (worn)
Jewellery
 f - a ring of see invisible (left hand)
 j - a +6 ring of intelligence
Wands
 p - a wand of iceblast (13)
Scrolls
 d - 4 scrolls of identify {unknown}
 h - a scroll of vulnerability {unknown}
 i - a scroll of teleportation {unknown}
 m - a scroll of torment {unknown}
 o - a scroll of magic mapping {unknown}
 r - a scroll of fog {unknown}
Potions
 b - a potion of curing {unknown}
 c - a potion of magic {unknown}
 e - 2 potions of haste {unknown}
 k - 2 potions of lignification {unknown}
 l - a potion of cancellation {unknown}
 n - a potion of flight {unknown}
 q - 2 potions of heal wounds {unknown}


   Skills:
 + Level 4.7 Fighting
 + Level 5.6 Axes
 + Level 3.5 Armour
 + Level 3.1 Dodging
 + Level 0.2 Stealth


You had 4 spell levels left.
You didn't know any spells.
Your spell library was empty.

Dungeon Overview and Level Annotations

Branches:
Dungeon (5/15)
 Temple: D:4-7

Altars:
Vehumet


Innate Abilities, Weirdness & Mutations

You have a pair of horns on your head.
You reflexively headbutt those who attack you in melee.


Message History

The orc wizard barely misses you.
You closely miss the orc wizard.
The orc wizard is severely wounded.
You hit the orc wizard but do no damage.
The orc wizard hits you with a +0 dagger.
* * * LOW HITPOINT WARNING * * *
The orc wizard hits you with a +0 dagger.
* * * LOW HITPOINT WARNING * * *
You hit the orc wizard.
You kill the orc wizard!
Trog accepts your kill.
Trog appreciates your killing of a magic user.
You barely miss the orc wizard.
The orc wizard hits you with a +0 dagger.
* * * LOW HITPOINT WARNING * * *
The orc wizard hits you but does no damage.
Things that are here:
a +0 dagger; a +0 robe; an orc corpse The orc wizard hits you but does no damage.
Found 4 stones.
The orc wizard points at you and mumbles some strange words.
You are more confused.
The orc wizard hits you with a +0 dagger.
* * * LOW HITPOINT WARNING * * *
Things that are here:
a +1 flail of protection; an orc corpse The orc wizard attacks as you move away!
The orc wizard hits you with a +0 dagger.
* * * LOW HITPOINT WARNING * * *
You bump into the rock wall.
The orc wizard completely misses you.
You're too confused to move!
The orc wizard closely misses you.
The orc wizard hits you with a +0 dagger.
* * * LOW HITPOINT WARNING * * *
The orc wizard closely misses you.
You feel less confused. The orc wizard casts a spell at you.
You are confused.
The orc wizard casts a spell at you. The puff of flame hits you!
You die...

##...#....
#........#..
##...........
...........
#........####
###............
#..............
#..@.#.......(
##............
#.o))...##..
##.)....##.#
###.......#
####.#.#...#
#......#...#
#....<.....#
#.........##


You could see an orc wizard (invisible).

Vanquished Creatures
  An iguana (D:4)
  An orc wizard (D:5)
  4 adders
  4 worms
  5 dart slugs
  5 orcs
  7 ball pythons
  2 bats (D:1)
  3 endoplasms
  5 giant cockroaches
  2 hobgoblins (D:2)
  9 jackals
  8 quokkas
  5 frilled lizards
  5 goblins
  9 kobolds
  A rat (D:1)
  3 butterflies (D:4)
79 creatures vanquished.

Notes
Turn   | Place    | Note
-------+----------+-------------------------------------------
     0 | D:1      | Wiggles the Minotaur Berserker began the quest for the Orb.
     0 | D:1      | Reached XP level 1. HP: 19/19 MP: 0/0
    74 | D:1      | Reached XP level 2. HP: 23/27 MP: 1/1
   143 | D:1      | Reached skill level 4 in Axes
   966 | D:2      | Reached XP level 3. HP: 33/33 MP: 2/2
  1049 | D:2      | Found a faded altar of an unknown god.
  1058 | D:2      | Reached ** piety under Trog
  1502 | D:2      | Reached XP level 4. HP: 41/41 MP: 3/3
  1516 | D:2      | You fall into a shaft and drop 2 floors!
  1758 | D:3      | Reached skill level 5 in Axes
  1972 | D:3      | Found a radiant altar of Vehumet.
  2572 | D:4      | Reached XP level 5. HP: 35/47 MP: 4/4
  2998 | D:4      | Reached *** piety under Trog
  3113 | D:5      | Entered Level 5 of the Dungeon
  3140 | D:5      | Killed from afar by an orc wizard

Illustrated notes

Levels and vault maps discovered:
D:1:      elethiomel_arrival_infinity_welcomes_careful_drivers,
          layout_loops_ring
D:2:      layout_rooms, ebering_ecumenical_altar_box
D:3:      layout_basic, mainiacjoe_overflow_alcove_1
D:4:      layout_cave_pools, cheibrodos_sewer_entry_bend, hangedman_glass_garden
D:5:      layout_cave_pools, gammafunk_temple_overflow_arena, serial_gnoll_camp,
          gnoll_camp_mini_loothouse, gnoll_camp_mini_shop, gnoll_camp_medium_01,
          gnoll_camp_huts_moat, uniq_ijyb

Skill      XL: |  1  2  3  4 |
---------------+-------------+-----
Fighting       | 4 |  4.7
Axes           | 4 5 |  5.6
Dodging        | 3 |  3.1
Armour         | 3 |  3.5
Stealth        | |  0.2

Action                     |  1- 3 |  4- 6 || total
---------------------------+-------+-------++-------
  Melee: Hand axe          |    97 |    96 ||   193
         Headbutt          |    12 |     8 ||    20
         Punch             |     3 |     2 ||     5
 Armour: Animal skin       |    14 |       ||    14
         Ring mail         |    11 |    25 ||    36
  Dodge: Dodged            |    59 |    42 ||   101
